 Dungeon Crawl Stone Soup version 0.27.1 (webtiles) character file.

Game seed: 18244214253825472725

11 fdafgdf the Covered (level 2, -1/27 HPs)
             Began as a Minotaur Fighter on Aug 30, 2021.
             Slain by a kobold (3 damage)
             ... on level 2 of the Dungeon.
             The game lasted 00:06:20 (566 turns).

fdafgdf the Covered (Minotaur Fighter)               Turns: 566, Time: 00:06:28

Health: -1/27      AC:  7    Str: 20    XL:     2   Next: 13%
Magic:  1/1        EV:  4    Int:  5    God:
Gold:   18         SH:  9    Dex:  9    Spells: 1/1 levels left

rFire    . . .     SeeInvis .   a - +0 rapier
rCold    . . .     Faith    .   c - +0 kite shield
rNeg     . . .     Spirit   .   b - +0 scale mail
rPois    .         Reflect  .   (helmet restricted)
rElec    .         Harm     .   (no cloak)
rCorr    .         Rampage  .   (no gloves)
Will     .....                  (no boots)
Stlth    ..........             (no amulet)
HPRegen  0.09/turn              (no ring)
MPRegen  0.07/turn              (no ring)

@: constricted
A: horns 2, retaliatory headbutt
a: no special abilities


You were on level 2 of the Dungeon.
You visited 1 branch of the dungeon, and saw 2 of its levels.

You collected 18 gold pieces.

Inventory:

Hand Weapons
 a - a +0 rapier (weapon)
 h - a +0 dagger
Missiles
 f - 37 stones (quivered)
Armour
 b - a +0 scale mail (worn)
 c - a +0 kite shield (worn)
Scrolls
 g - a scroll of enchant armour {unknown}
Potions
 d - 2 potions of might
 e - a potion of degeneration {unknown}


   Skills:
 + Level 3.7 Fighting
 + Level 2.1 Short Blades
 + Level 4.1 Armour
 + Level 0.5 Dodging
 + Level 3.8 Shields


You had one spell level left.
You didn't know any spells.
Your spell library contained the following spells:

 Spells                   Type           Power      Damage    Failure   Level
 Summon Guardian Golem    Hex/Summ       0%         N/A       100%        3
 Orb of Destruction       Conj           0%         N/A       100%        7
 Spellforged Servitor     Conj/Summ      0%         N/A       100%        7


Dungeon Overview and Level Annotations

Branches:
Dungeon (2/15)

Altars:


Innate Abilities, Weirdness & Mutations

You have a pair of horns on your head.
You reflexively headbutt those who attack you in melee.


Message History

Huh?
You swing at nothing.
You block the kobold's attack.
You swing at nothing.
The ball python bites you but does no damage.
The ball python barely misses you. The kobold completely misses you.
You swing at nothing.
The ball python bites you but does no damage.
The ball python grabs you. The ball python constricts you.
You block the kobold's attack.
The ball python bites you but does no damage.
The ball python constricts you.
The kobold hits you with a +4 short sword of protection.
You escape the ball python's grasp.
A worm comes into view.
The ball python barely misses you. The ball python grabs you.
The ball python constricts you. You block the kobold's attack.
You swing at nothing.
The ball python barely misses you. The ball python constricts you.
The kobold hits you but does no damage.
You swing at nothing.
The ball python bites you but does no damage.
The ball python constricts you. You block the kobold's attack.
You block the ball python's attack. The ball python constricts you.
You swing at nothing.
The kobold hits you with a +4 short sword of protection.
The ball python barely misses you. The ball python constricts you.
You swing at nothing.
The ball python bites you. The ball python constricts you.
The kobold hits you with a +4 short sword of protection.
The ball python bites you but does no damage.
The ball python constricts you.
The kobold hits you with a +4 short sword of protection.
* * * LOW HITPOINT WARNING * * *
You escape the ball python's grasp.
You block the kobold's attack.
You swing at nothing.
You block the ball python's attack. The ball python grabs you.
The ball python constricts you.
* * * LOW HITPOINT WARNING * * *
The ball python bites you but does no damage.
The ball python constricts you.
The kobold hits you with a +4 short sword of protection.
You die...

.# .# #. ..
.. #.##.
#.#.. #
#w#.##.#
#.#....#
##.#K#######
#...@.......
#..S...#####
#........#
#?...........
+.........###
#.......###
#.......#
####..#.#
#..#.#


You could see a ball python and a kobold.

Vanquished Creatures
  A bat (D:1)
  4 endoplasms (D:1)
  A quokka (D:1)
  A frilled lizard (D:1)
  3 rats (D:1)
10 creatures vanquished.

Notes
Turn   | Place    | Note
-------+----------+-------------------------------------------
     0 | D:1      | fdafgdf the Minotaur Fighter began the quest for the Orb.
     0 | D:1      | Reached XP level 1. HP: 19/19 MP: 0/0
   424 | D:1      | Reached skill level 4 in Armour
   471 | D:1      | Reached XP level 2. HP: 18/27 MP: 1/1
   566 | D:2      | Slain by a kobold

Illustrated notes

Levels and vault maps discovered:
D:1:      minmay_arrival_up_and_down, layout_loops_cross,
          ebering_ecumenical_altar_webs, minmay_split_cup_small
D:2:      layout_basic, serial_co_window_serial, co_window_paths_b,
          co_window_paths_b, co_window_paths_b, co_window_of_opportunity_a,
          co_window_of_opportunity_a, co_window_broadway_a, co_window_corner_b,
          co_window_broadway_b, co_window_2corner, co_window_cross_3,
          co_window_of_opportunity_b, co_window_4corner_a, co_window_4corner_b,
          glass_columns_b, glass_columns_a, glass_columns_a, glass_columns_a

Skill      XL: |  1 |
---------------+----+-----
Armour         | 4 |  4.1
Fighting       | |  3.7
Short Blades   | |  2.1
Dodging        | |  0.5
Shields        | |  3.8

Action                   || total
-------------------------++-------
Melee: Rapier            ||    14
       Headbutt          ||     2
Armor: Scale mail        ||    26
Dodge: Dodged            ||    22
Block: Kite shield       ||    33
